 Dungeon Crawl Stone Soup version 0.29-a0-414-g5075937ec3 (webtiles) character file.

Game seed: 6213715608751947881

51 xian the Gusty (level 3, 0/19 HPs)
             Began as a Gargoyle Air Elementalist on May 15, 2022.
             Slain by Terence
             ... wielding a +0 morningstar
              (4 damage)
             ... on level 2 of the Dungeon.
             The game lasted 00:09:07 (1633 turns).

xian the Gusty (Gargoyle Air Elementalist)          Turns: 1633, Time: 00:09:08

Health: 0/19       AC:  6    Str: 11    XL:     3   Next: 81%
Magic:  1/6        EV: 11    Int: 17    God:
Gold:   78         SH:  3    Dex: 10    Spells: 6/7 levels left

rFire   + . .      SeeInvis .   f - +0 dagger
rCold   + . .      Faith    .   d - +0 buckler
rNeg    + . .      Spirit   .   a - +0 robe
rPois   ∞          Reflect  .   (no helmet)
rElec   +          Harm     .   k - +0 cloak
rCorr   +          Rampage  .   (no gloves)
Will    .....                   (no boots)
Stlth   ++........              (no amulet)
HPRegen 0.06/turn               (no ring)
MPRegen 0.10/turn               (no ring)

@: resistant
A: sickness immunity, AC +3, negative energy resistance 1, electricity
resistance, torment resistance 1, petrification resistance
a: no special abilities


You were on level 2 of the Dungeon.
You visited 1 branch of the dungeon, and saw 2 of its levels.

You collected 78 gold pieces.

Inventory:

Hand Weapons
 f - a +0 dagger (weapon)
Armour
 a - a +0 robe (worn)
 d - a +0 buckler (worn)
 k - a +0 cloak (worn)
Scrolls
 c - a scroll of silence {unknown}
 g - 2 scrolls of identify {unknown}
Potions
 b - a potion of magic
 i - a potion of cancellation {unknown}
 j - a potion of brilliance {unknown}


   Skills:
 + Level 2.0 Dodging
 + Level 2.3 Stealth
 + Level 2.5 Spellcasting
 + Level 1.3 Conjurations
 + Level 3.0 Air Magic


You had 6 spell levels left.
You knew the following spells:

 Your Spells              Type           Power      Damage    Failure   Level
a - Shock                 Conj/Air       36%        1d5       10%         1

Your spell library contained the following spells:

 Spells                   Type           Power      Damage    Failure   Level
 Static Discharge         Conj/Air       9%         N/A       16%         2
 Swiftness                Air            12%        N/A       22%         3
 Airstrike                Air            6%         N/A       56%         4


Dungeon Overview and Level Annotations

Branches:
Dungeon (2/15)

Altars:

Annotations:
D:2 Terence


Innate Abilities, Weirdness & Mutations

You are immune to sickness and miasma.
Your stone body is resilient. (AC +3)
You are immune to poison.
You resist negative energy. (rN+)
You are resistant to electric shocks. (rElec)
You are resistant to unholy torment.
You are immune to petrification.


Message History

Press: ? - help, Q - select action Shift-Dir - straight line, f/p - Terence
Aim: Terence, wielding a +0 morningstar and wearing a +2 scale mail of fire resistance (lightly wounded, 72% to hit)
The zap hits Terence.
Terence is moderately wounded.
Terence barely misses you.
Aiming: Shock (safe; 10% risk of failure)
Press: ? - help, Q - select action Shift-Dir - straight line, f/p - Terence
Aim: Terence, wielding a +0 morningstar and wearing a +2 scale mail of fire resistance (moderately wounded, 72% to hit)
Okay, then.
You hit Terence but do no damage.
Terence is moderately wounded.
Terence hits you with a +0 morningstar.
Unknown command.
You hit Terence but do no damage.
Terence is moderately wounded.
Terence misses you.
Unknown command.
You barely miss Terence.
Terence is moderately wounded.
Terence hits you with a +0 morningstar.
You barely miss Terence.
Terence is moderately wounded.
You block Terence's attack.
Your magical contamination has completely faded away.
You hit Terence but do no damage.
Terence is moderately wounded.
Terence hits you with a +0 morningstar.
Unknown command.
Aiming: Shock (safe; 10% risk of failure)
Press: ? - help, Q - select action Shift-Dir - straight line, f/p - Terence
Aim: Terence, wielding a +0 morningstar and wearing a +2 scale mail of fire resistance (moderately wounded, 72% to hit)
The zap hits Terence.
Terence is moderately wounded.
Terence hits you with a +0 morningstar.
* * * LOW HITPOINT WARNING * * *
Terence attacks as you move away! Terence closely misses you.
It was a potion of resistance.
You feel protected. Terence hits you with a +0 morningstar.
You die...

.# ###.######... #...
#......# #...
#...#########......#
##..
#..........##...[..#
##.
#..........##..†...#
#..
#..........##......#
#..
##..........##......#
#..
....<...............#
#..
#......@@..........#
#....######+###..##..
#.... #.## .## ....
### # ... .#


You could see Terence.

Vanquished Creatures
  An adder (D:2)
  2 dart slugs
  5 endoplasms (D:1)
  3 giant cockroaches (D:1)
  2 goblins (D:1)
  A hobgoblin (D:2)
  4 jackals (D:1)
  5 kobolds
  2 quokkas (D:1)
  5 ball pythons (D:1)
  A bat (D:1)
  3 frilled lizards (D:1)
  2 rats (D:1)
36 creatures vanquished.

Notes
Turn   | Place    | Note
-------+----------+-------------------------------------------
     0 | D:1      | xian the Gargoyle Air Elementalist began the quest for the
                  | Orb.
     0 | D:1      | Reached XP level 1. HP: 10/10 MP: 3/3
    76 | D:1      | Reached XP level 2. HP: 7/15 MP: 1/5
   380 | D:1      | Found a faded altar of an unknown god.
   715 | D:1      | Reached XP level 3. HP: 17/19 MP: 1/6
   914 | D:1      | Reached skill level 3 in Air Magic
  1613 | D:2      | Noticed Terence
  1633 | D:2      | Slain by Terence

Illustrated notes

Levels and vault maps discovered:
D:1:      psy_arrival_basics, layout_loops_cross,
          nicolae_ecumenical_snake_handling, corexii_leaking_fountain,
          minmay_unequal
D:2:      minmay_chambers_of_ones, layout_rooms, serial_shops, shop,
          uniq_terence

Skill      XL: |  1  2  3 |
---------------+----------+-----
Air Magic      | 3 |  3.0
Dodging        | 2 |  2.0
Stealth        | |  2.3
Spellcasting   | |  2.5
Conjurations   | |  1.3

Action                   || total
-------------------------++-------
Melee: Unarmed           ||    14
       Punch             ||     1
       Dagger            ||    22
 Cast: Shock             ||    77
  Use: Potion            ||     1
Armor: Robe              ||    11
Dodge: Dodged            ||    43
Block: Buckler           ||     1

Table legend: (Time is in decaauts)
 A = Elapsed time spent in this place.
 B = Non-inter-level travel time spent in this place.
 C = Inter-level travel time spent in this place.
 D = Time resting spent in this place.
 E = Time spent auto-exploring this place.
 F = Levels seen in this place.
 G = Mean time per level.
                   A        B        C        D        E       F      G
               +--------+--------+--------+--------+--------+-----+--------+
         Total |   1632 |   1593 |     39 |    161 |   1131 |   2 |  816.0 |
       Dungeon |   1632 |   1593 |     39 |    161 |   1131 |   2 |  816.0 |
               +--------+--------+--------+--------+--------+-----+--------+

Top non-repeatable levels by time:
     D:1: 1393 daAuts
     D:2: 239 daAuts
